 Dungeon Crawl Stone Soup version 0.27-a0-1232-gc6a4cbde82 (webtiles) character file.

Game seed: 79017675744845429

26923 freelancePsychic the Fighter (level 13, -3/111 HPs)
             Began as a Demonspawn Wanderer on June 9, 2021.
             Was the Champion of Okawaru.
             Slain by an ogre
             ... wielding a +0 giant club
              (17 damage)
             ... on level 1 of the Orcish Mines.
             The game lasted 00:51:10 (19758 turns).

freelancePsychic the Fighter (Demonspawn Wanderer) Turns: 19758, Time: 00:51:11

Health: -3/111     AC: 11    Str: 25    XL:     13   Next: 1%
Magic:  1/19       EV: 14    Int: 21    God:    Okawaru [******]
Gold:   965        SH:  0    Dex: 19    Spells: 13/20 levels left

rFire    + . .     SeeInvis +   K - +11 quarterstaff of Due Proportion {elec, Fly rElec rPois rC- Dex+6}
rCold    x . .     Faith    .   (shield currently unavailable)
rNeg     . . .     Spirit   .   A - +2 leather armour of Zin's Castigation {rF+ Str+5}
rPois    +         Reflect  .   C - +1 helmet {SInv}
rElec    +         Harm     .   (no cloak)
rCorr    .         Rampage  .   M - +0 pair of gloves of the Big Bang {+Blink +Inv Str+4}
Will     +....                  t - +0 pair of boots
Stlth    ++........             (no amulet)
HPRegen  0.28/turn              G - ring of willpower
MPRegen  0.16/turn              g - +6 ring of intelligence

@: flying, very slightly contaminated
A: hooves 2, foul stench 1, sharp scales 2, demonic magic 2
a: Renounce Religion, Evoke Blink, Evoke Invisibility, Heroism, Finesse


You were on level 1 of the Orcish Mines.
You worshipped Okawaru.
Okawaru was exalted by your worship.
You visited 2 branches of the dungeon, and saw 15 of its levels.

You collected 990 gold pieces.
You spent 25 gold pieces at shops.

Inventory:

Hand Weapons
 a - a +2 glaive of flaming
 b - a +3 lajatang
 K - the +11 quarterstaff of Due Proportion (weapon) {elec, Fly rElec rPois rC- Dex+6}
   (Okawaru gifted it to you on level 11 of the Dungeon)

   Occasionally, upon striking a foe, it can discharge electrical energy and
   cause terrible harm.
   It affects your dexterity (+6).
   It makes you vulnerable to cold.
   It insulates you from electricity.
   It protects you from poison.
   It grants you flight.
Missiles
 f - 124 poisoned darts (quivered)
 p - a curare-tipped dart
 s - 8 throwing nets
Armour
 t - a +0 pair of boots (worn)
 A - the +2 leather armour of Zin's Castigation (worn) {rF+ Str+5}
   (You found it on level 6 of the Dungeon)

   It affects your strength (+5).
   It protects you from fire.
 C - a +1 helmet of see invisible (worn)
 M - the +0 pair of gloves of the Big Bang (worn) {+Blink +Inv Str+4}
   (Okawaru gifted it to you on level 12 of the Dungeon)

   It affects your strength (+4).
   It lets you turn invisible.
   It lets you blink.
Jewellery
 e - a ring of poison resistance
 g - a +6 ring of intelligence (right hand)
 n - a ring of flight
 u - a ring of wizardry
 B - a +6 ring of strength
 G - a ring of willpower (left hand)
Wands
 w - a wand of polymorph (16)
 y - a wand of acid (18)
Scrolls
 k - 2 scrolls of teleportation {@r4}
 l - 2 scrolls of amnesia
 v - 3 scrolls of fear
 E - 5 scrolls of identify {@r1}
 F - a scroll of enchant armour {unknown}
 H - a scroll of fog {unknown}
 I - a scroll of immolation {unknown}
 L - a scroll of magic mapping
 N - a scroll of summoning
Potions
 c - a potion of invisibility
 d - 2 potions of lignification
 h - a potion of mutation {unknown}
 j - 4 potions of curing {@q1}
 m - 3 potions of attraction
 q - a potion of haste {@q3}
 r - 3 potions of resistance
 x - 2 potions of flight {unknown}
 z - 2 potions of ambrosia
 D - 3 potions of degeneration {unknown}
Miscellaneous
 J - a phantom mirror (inert)


   Skills:
 - Level 13.0 Fighting
 - Level 3.6(8.0) Polearms
 + Level 10.9(11.2) Staves
 + Level 4.3 Dodging
 - Level 1.0 Stealth
 - Level 4.4 Spellcasting
 - Level 5.5 Conjurations
 - Level 1.7 Summonings
 - Level 3.8 Translocations
 - Level 5.1 Air Magic
 - Level 4.0 Poison Magic
 + Level 5.6 Invocations
 - Level 2.0 Evocations


You had 13 spell levels left.
You knew the following spells:

 Your Spells              Type           Power      Damage    Failure   Level
a - Call Imp              Summ           12%        N/A       10%         2
b - Mephitic Cloud        Conj/Pois/Air  25%        N/A       5%          3
c - Blink                 Tloc           N/A        N/A       4%          2

Your spell library contained the following spells:

 Spells                   Type           Power      Damage    Failure   Level
 Magic Dart               Conj           100%       1d8       1%          1
 Searing Ray              Conj           56%        3d5       1%          2
 Apportation              Tloc           40%        N/A       2%          1
 Foxfire                  Conj/Fire      64%        2x1d7     4%          1
 Summon Small Mammal      Summ           48%        N/A       6%          1
 Animate Skeleton         Necr           8%         N/A       13%         1
 Corona                   Hex            4%         N/A       13%         1
 Sandblast                Erth           8%         2d5       13%         1
 Conjure Flame            Conj/Fire      16%        6-21      13%         3
 Dazzling Flash           Conj/Hex       32%        N/A       13%         3
 Stone Arrow              Conj/Erth      32%        3d9       13%         3
 Iskenderun's Mystic Bla  Conj/Tloc      24%        2d7       19%         4
 Passwall                 Tmut/Erth      3%         N/A       21%         2
 Slow                     Hex            4%         N/A       21%         2
 Inner Flame              Hex/Fire       4%         N/A       36%         3
 Fulminant Prism          Conj/Hex       8%         3d7       38%         4
 Sticky Flame             Conj/Fire      16%        2d4       38%         4
 Fireball                 Conj/Fire      8%         3d6       75%         5
 Petrify                  Tmut/Erth      4%         N/A       78%         4
 Lee's Rapid Deconstruct  Erth           2%         3d5*      98%         5


Dungeon Overview and Level Annotations

Branches:
Dungeon (13/15)            Temple (0/1) D:6            Lair (0/6) D:11
    Orc (2/2) D:12            Elf (0/3) Orc:2
 Vaults: D:13-14

Altars:
Gozag
Hepliaklqana
Okawaru
Sif Muna
Uskayaw
Wu Jian
Xom
Beogh

Shops:
D:1 !   D:3 *   D:6 *   Orc:1 =

Portals:
Bailey: Orc:1

Annotations:
D:2 Terence
D:9 2 transporters, Snikeer's ghost, novice GnIE


Innate Abilities, Weirdness & Mutations

You have hoof-like feet.
You may rarely emit foul miasma when damaged in melee.
You are mostly covered in razor-sharp scales. (AC +2, Slay +2)
Spells you cast may paralyse nearby enemies.


Message History

The orc is engulfed in noxious fumes.
The orc appears confused.
The orc hits you with a +0 hand axe.
* * * LOW HITPOINT WARNING * * *
The orc warrior is engulfed in noxious fumes.
The orc warrior appears confused.
The orc warrior is engulfed in dark miasma.
The orc warrior is poisoned.
The orc priest is engulfed in noxious fumes.
The orc priest appears confused.
The orc priest barely misses you.
The orc warrior is engulfed in noxious fumes.
The orc warrior appears confused.
Blink to where?
Press: ? - help, Dir - move target
As you read the scroll of blinking, it crumbles to dust.
A warg, an orc, an orc warrior and an ogre come into view.
The orc is wielding a +1 short sword of protection.
The ogre shouts!
The orc warrior shouts!
The orc shouts!
The warg howls!
The orc is engulfed in noxious fumes.
The orc appears confused.
The orc wizard gestures at you while chanting.
The magic dart hits you.
* * * LOW HITPOINT WARNING * * *
The warg bites you!
* * * LOW HITPOINT WARNING * * *
The orc warrior is engulfed in noxious fumes.
The orc warrior appears confused.
Found a flagged portal.
An orc wizard comes into view. It is wielding a +0 dagger.
The orc wizard shouts!
The orc is engulfed in noxious fumes.
The orc appears confused.
The orc warrior is engulfed in noxious fumes.
The orc warrior appears confused.
The warg bites you.
* * * LOW HITPOINT WARNING * * *
The ogre misses you.
The orc priest casts a cantrip, but nothing happens.
The orc high priest mumbles some strange prayers to Beogh.
The warg closely misses you.
An orc wizard comes into view. It is wielding a +0 dagger.
An orc priest comes into view. It is wielding a +0 dagger.
The ogre hits you with a +0 giant club!
You die...

*............,,,*,**
##.o.........,,,**,*
#...........,,,,,,,
##.o.o......,,,*,,*
###.o.......,*,,,,*
##.o......o..,,,,,,*
#...o..8o.o..,,,,,,,
#..hO.o......,,,,,,*
***#..@8.....8..,,,,*,*
**,#............#,,,,,,,
#......^.........,,,,,,*
##.#...8...∩...8.,*,,,,,
#*#.............,***,,,
*.............,** ***,
##.#..8.....8,** **
####........,***
*,,,,,8,,,,*,***


You could see an orc high priest, a warg, 3 orc warriors, an ogre, 2 orc
priests, 2 orc wizards and an orc.

Vanquished Creatures
  A hydra (D:12)
  Harold (D:8)
  A centaur warrior (D:9)
  A boulder beetle (D:11)
  A death knight (D:12)
  A catoblepas (D:12)
  3 two-headed ogres
  2 tengu warriors (D:12)
  Nergalle (D:10)
  Pikel (D:6)
  2 ugly things
  A necromancer (D:10)
  2 cyclopes
  An orc sorcerer (Orc:1)
  4 manticores
  Joseph (D:8)
  2 gargoyles (D:12)
  3 unseen horrors
  2 komodo dragons
  4 trolls
  A hornet (D:9)
  Prince Ribbit (D:8)
  6 slime creatures
  19 yaks
  4 wyverns
  A basilisk (D:11)
  A steam dragon (D:8)
  3 vampire mosquitoes
  2 wargs (Orc:2)
  An acid dragon (D:8)
  4 water moccasins
  4 sky beasts
  12 orc warriors
  3 ogres
  A black bear (D:5)
  8 centaurs
  4 lemures (D:6)
  2 kobold brigands
  3 bullfrogs
  5 scorpions
  3 gnoll sergeants
  A wyvern zombie (D:6)
  A wyvern skeleton (D:7)
  A water moccasin zombie (D:5)
  13 killer bees
  A howler monkey (D:12)
  5 wights (D:9)
  4 crimson imps (D:3)
  A bullfrog zombie (D:6)
  2 gnoll shamans
  A jelly (D:6)
  14 orc priests
  A bullfrog skeleton (D:5)
  2 centaur zombies
  4 hounds
  2 iguanas
  2 scorpion zombies (D:5)
  Natasha (twice) (D:2)
  10 orc wizards
  A yak simulacrum (D:10)
  2 polar bear simulacra (D:10)
  4 wolf simulacra (D:10)
  A howler monkey zombie (D:9)
  16 adders
  A howler monkey skeleton (D:4)
  16 gnolls
  2 white imps
  An adder skeleton (D:4)
  A worm (D:4)
  2 dart slugs
  45 orcs
  9 endoplasms
  5 giant cockroaches
  15 hobgoblins
  3 jackals (D:2)
  2 quokkas (D:4)
  4 ball pythons
  6 bats
  A frilled lizard (D:1)
  7 goblins
  17 kobolds
  3 rats (D:1)
  4 river rat simulacra (D:10)
358 creatures vanquished.

Vanquished Creatures (collateral kills)
  A water moccasin skeleton (D:5)
  An orc wizard (Orc:2)
  A gnoll (D:6)
  An adder (D:4)
  An adder zombie (D:5)
  2 orcs (Orc:2)
7 creatures vanquished.

Vanquished Creatures (others)
  A gnoll (Orc:1)
  6 fungi (D:11)
  20 plants (D:11)
27 creatures vanquished.

Grand Total: 392 creatures vanquished

Notes
Turn   | Place    | Note
-------+----------+-------------------------------------------
     0 | D:1      | freelancePsychic the Demonspawn Wanderer began the quest
                  | for the Orb.
     0 | D:1      | freelancePsychic set off with the following items: a +0
                  | quarterstaff, 2 throwing nets, a +0 leather armour, a
                  | potion of lignification
     0 | D:1      | Reached XP level 1. HP: 13/13 MP: 1/1
   301 | D:1      | Gained mutation: You may rarely emit foul miasma when
                  | damaged in melee. [demonic ancestry]
   301 | D:1      | Reached XP level 2. HP: 19/19 MP: 2/2
   764 | D:1      | Found Fivet's Distillery.
   959 | D:1      | Reached XP level 3. HP: 24/24 MP: 3/3
  1878 | D:2      | Reached XP level 4. HP: 20/30 MP: 4/4
  2000 | D:2      | Noticed Terence
  2416 | D:2      | Noticed Natasha
  2422 | D:2      | Killed Natasha
  2522 | D:2      | Noticed Natasha
  2529 | D:2      | Killed Natasha
  2530 | D:2      | Gained mutation: Spells you cast may paralyse adjacent
                  | enemies. [demonic ancestry]
  2530 | D:2      | Reached XP level 5. HP: 35/35 MP: 5/5
  2666 | D:3      | Found a shimmering altar of Xom.
  2805 | D:3      | Reached skill level 5 in Staves
  2892 | D:3      | Gained mutation: You have large cloven feet. [demonic
                  | ancestry]
  2892 | D:3      | Reached XP level 6. HP: 39/41 MP: 6/6
  3128 | D:3      | Found a faded altar of an unknown god.
  3138 | D:3      | Found Kuituig's Assorted Antiques.
  3146 | D:3      | Bought a scroll labelled SASUOKK UCYL for 25 gold pieces
  3157 | D:3      | Became a worshipper of Warmaster Okawaru
  3157 | D:3      | Reached * piety under Okawaru
  4202 | D:4      | Reached skill level 1 in Fighting
  4313 | D:4      | Reached skill level 1 in Summonings
  4316 | D:4      | Learned a level 2 spell: Call Imp
  4498 | D:4      | Gained mutation: Spells you cast may paralyse nearby
                  | enemies. [demonic ancestry]
  4498 | D:4      | Reached XP level 7. HP: 15/49 MP: 4/7
  5309 | D:4      | Found a hazy altar of Hepliaklqana.
  5356 | D:4      | Found an ornate altar of the Wu Jian Council.
  5356 | D:4      | Found a shimmering blue altar of Sif Muna.
  5395 | D:5      | Entered Level 5 of the Dungeon
  5543 | D:4      | Reached ** piety under Okawaru
  5544 | D:4      | Reached skill level 1 in Conjurations
  5544 | D:4      | Reached skill level 1 in Air Magic
  5544 | D:4      | Reached skill level 1 in Poison Magic
  5737 | D:4      | Learned a level 3 spell: Mephitic Cloud
  6096 | D:5      | Found an opulent altar of Gozag.
  6618 | D:5      | Gained mutation: You have hoof-like feet. [demonic
                  | ancestry]
  6618 | D:5      | Reached XP level 8. HP: 48/56 MP: 2/9
  6627 | D:5      | Reached skill level 1 in Spellcasting
  7274 | D:5      | Reached *** piety under Okawaru
  8060 | D:6      | Noticed Pikel
  8180 | D:6      | Found Peqonif's Assorted Antiques.
  8293 | D:6      | Killed Pikel
  8294 | D:6      | Reached XP level 9. HP: 44/61 MP: 1/14
  8413 | D:6      | Reached skill level 5 in Conjurations
  8651 | D:6      | Reached **** piety under Okawaru
  8866 | D:6      | Identified the +2 leather armour of Zin's Castigation {rF+
                  | Str+5}
  8958 | D:6      | Found a runed translucent door.
  9053 | D:6      | Found a staircase to the Ecumenical Temple.
  9359 | D:6      | Reached skill level 5 in Air Magic
  9548 | D:6      | Reached skill level 2 in Fighting
  9794 | D:7      | Reached skill level 3 in Fighting
  9866 | D:7      | Found a hide-covered altar of Uskayaw.
 10191 | D:7      | Reached skill level 4 in Fighting
 10690 | D:8      | Noticed Joseph
 10706 | D:8      | Killed Joseph
 10707 | D:8      | Reached skill level 5 in Fighting
 10707 | D:8      | Gained mutation: You are partially covered in razor-sharp
                  | scales. (AC +1, Slay +1) [demonic ancestry]
 10707 | D:8      | Reached XP level 10. HP: 59/74 MP: 11/16
 10707 | D:8      | Noticed a two-headed ogre
 10969 | D:8      | Killed a two-headed ogre
 10969 | D:8      | Reached ***** piety under Okawaru
 10970 | D:8      | Reached skill level 6 in Fighting
 11344 | D:8      | Received a gift from Okawaru
 11375 | D:8      | Noticed Prince Ribbit
 11387 | D:8      | Killed Prince Ribbit
 11388 | D:8      | Reached skill level 7 in Fighting
 11494 | D:8      | Noticed Harold
 11504 | D:8      | Killed Harold
 11812 | D:9      | Reached skill level 8 in Fighting
 11839 | D:9      | Noticed a boulder beetle
 11846 | D:9      | Noticed Snikeer's ghost (novice GnIE)
 12500 | D:9      | Found a transporter.
 12504 | D:9      | Found a transporter.
 12736 | D:9      | Reached skill level 9 in Fighting
 12898 | D:9      | Noticed a centaur warrior
 12911 | D:9      | Killed a centaur warrior
 12912 | D:9      | Gained mutation: You are mostly covered in razor-sharp
                  | scales. (AC +2, Slay +2) [demonic ancestry]
 12912 | D:9      | Reached XP level 11. HP: 61/89 MP: 6/17
 13072 | D:9      | Noticed a two-headed ogre
 13076 | D:9      | Killed a two-headed ogre
 13276 | D:9      | Reached skill level 10 in Fighting
 13398 | D:9      | Noticed a red ugly thing
 13821 | D:9      | Killed a red ugly thing
 14085 | D:10     | Entered Level 10 of the Dungeon
 14103 | D:10     | Noticed Nergalle
 14768 | D:10     | Noticed a necromancer
 14775 | D:10     | Killed a necromancer
 14776 | D:10     | Reached skill level 11 in Fighting
 15689 | D:10     | Killed Nergalle
 16011 | D:11     | Noticed a two-headed ogre
 16020 | D:11     | Killed a two-headed ogre
 16021 | D:11     | Reached skill level 10 in Staves
 16070 | D:11     | Noticed a boulder beetle
 16076 | D:11     | Killed a boulder beetle
 16077 | D:11     | Reached skill level 12 in Fighting
 16077 | D:11     | Reached XP level 12. HP: 47/102 MP: 11/18
 16372 | D:11     | Identified the +11 quarterstaff of Due Proportion {elec,
                  | Fly rElec rPois rC- Dex+6} (Okawaru gifted it to you on
                  | level 11 of the Dungeon)
 16372 | D:11     | Received a gift from Okawaru
 16392 | D:11     | Reached ****** piety under Okawaru
 16528 | D:11     | Found a staircase to the Lair.
 16546 | D:11     | Reached skill level 1 in Translocations
 17380 | D:11     | Learned a level 2 spell: Blink
 17770 | D:12     | Reached skill level 13 in Fighting
 17867 | D:12     | Noticed a five-headed hydra
 18437 | D:12     | Killed a five-headed hydra
 18437 | D:12     | Identified the +0 pair of gloves of the Big Bang {+Blink
                  | +Inv Str+4} (Okawaru gifted it to you on level 12 of the
                  | Dungeon)
 18437 | D:12     | Received a gift from Okawaru
 18438 | D:12     | Reached skill level 1 in Invocations
 18721 | D:12     | Noticed a catoblepas
 18721 | D:12     | Noticed a catoblepas
 18922 | D:12     | Noticed a tengu warrior
 18930 | D:12     | Killed a tengu warrior
 18959 | D:12     | Noticed a death knight
 19026 | D:12     | Killed a death knight
 19172 | D:12     | Noticed a tengu warrior
 19181 | D:12     | Killed a tengu warrior
 19488 | D:12     | Killed a catoblepas
 19549 | D:12     | Found a staircase to the Orcish Mines.
 19596 | Orc:1    | Entered Level 1 of the Orcish Mines
 19596 | Orc:1    | Found Lett's Jewellery Shoppe.
 19612 | Orc:1    | Reached skill level 5 in Invocations
 19664 | Orc:2    | Entered Level 2 of the Orcish Mines
 19717 | Orc:2    | Reached XP level 13. HP: 52/111 MP: 3/19
 19754 | Orc:1    | Found a flagged portal.
 19758 | Orc:1    | Slain by an ogre

Illustrated notes

Levels and vault maps discovered:
D:1:      dpeg_arrival_water_temple_mockup, layout_basic, serial_shops, shop
D:2:      minmay_alternating_diamond, layout_basic, uniq_natasha, uniq_terence
D:3:      layout_rooms, led_xom_imps, serial_shops,
          nicolae_shop_overgrown_old_shop,
          hellmonk_ecumenical_altar_slurped_away, minmay_misc_feat_enclosed,
          roderic_lattice_a, minmay_misc_feat_hallway,
          minmay_misc_feat_four_crosses
D:4:      layout_basic, lemuel_tele_altar, gammafunk_temple_overflow_statue
D:5:      cheibrodos_barr_body, layout_gridville,
          nicolae_gozag_cash_rules_everything_around_me, minmay_crossroads
D:6:      layout_rooms, minmay_temple_entry_enclosed_plants, serial_shops, shop,
          minmay_misc_feat_rugged, lightli_church_of_beogh, uniq_pikel
D:7:      layout_rooms, old_standard_altar, bh_walls_and_bars
D:8:      layout_basic, uniq_joseph, uniq_prince_ribbit1, uniq_harold
D:9:      minmay_the_grid_4x2 [minmay_the_grid_zigzag_pyramid,
          minmay_the_grid_stretched_grid, minmay_the_grid_spin_star,
          minmay_the_grid_mess, minmay_the_grid_tree,
          minmay_the_grid_outer_diamond, minmay_the_grid_paths,
          minmay_the_grid_prize_four_corners], layout_irregular_city,
          gammafunk_ghost_arena, hangedman_decor_clover_reticule
D:10:     layout_gridville, minmay_fountain_box, eino_house_with_fridge,
          uniq_nergalle
D:11:     layout_loops_ring, minmay_lair_entry_grove, minivault_23
D:12:     nzn_motion_control, layout_basic, david_orc_4
D:13:     layout_roguey, zin_treasury
Orc:1:    layout_caves, enter_bailey_6, serial_shops, nicolae_shop_waterfront
Orc:2:    st_orc_open, layout_diamond_mine, kennysheep_orc_chapel

Skill      XL: |  1  2  3  4  5  6  7  8  9 10 11 12 |
---------------+-------------------------------------+-----
Polearms       | 2 3 |  3.6
Staves         | 3 4 5 6 7 8 10 | 10.9
Fighting       | 1 5 9 12 13 | 13.0
Summonings     | 1 |  1.7
Conjurations   | 2 4 5 |  5.5
Air Magic      | 2 4 5 |  5.1
Poison Magic   | 2 4 |  4.0
Spellcasting   | 3 4 |  4.4
Translocations | 3 |  3.8
Dodging        | 4 |  4.3
Invocations    | 5 |  5.6
Stealth        | |  1.0
Evocations     | |  2.0

Action                   |  1- 3 |  4- 6 |  7- 9 | 10-12 | 13-15 || total
-------------------------+-------+-------+-------+-------+-------++-------
Melee: Quarterstaff      |   117 |       |       |   157 |     8 ||   282
       Lajatang          |    16 |   161 |   256 |   250 |       ||   683
Throw: Dart              |       |     6 |    39 |    24 |       ||    69
 Cast: Call Imp          |       |       |    26 |       |       ||    26
       Mephitic Cloud    |       |       |    40 |   109 |     1 ||   150
       Blink             |       |       |       |     2 |       ||     2
Invok: Heroism           |       |     2 |     6 |     7 |       ||    15
       Finesse           |       |       |       |     1 |       ||     1
Evoke: Wand              |       |       |       |     4 |       ||     4
       Phantom mirror    |       |       |       |     2 |       ||     2
  Use: Scroll            |       |    10 |     6 |    10 |     1 ||    27
       Potion            |       |       |       |     3 |       ||     3
 Stab: Sleeping          |     2 |       |       |       |       ||     2
       Paralysed         |       |       |    47 |    88 |       ||   135
       Distracted        |       |       |     1 |       |       ||     1
       Confused          |       |       |     9 |    22 |     1 ||    32
Armor: Leather armour    |    13 |       |    60 |   129 |     7 ||   209
       Chain mail        |    50 |   103 |       |       |       ||   153
Dodge: Dodged            |    47 |    60 |   122 |   255 |    27 ||   511

Table legend: (Time is in decaauts)
 A = Elapsed time spent in this place.
 B = Non-inter-level travel time spent in this place.
 C = Inter-level travel time spent in this place.
 D = Time resting spent in this place.
 E = Time spent auto-exploring this place.
 F = Levels seen in this place.
 G = Mean time per level.
                   A        B        C        D        E       F      G
               +--------+--------+--------+--------+--------+-----+--------+
         Total |  19747 |  19308 |    439 |   3824 |  12380 |  15 | 1316.5 |
       Dungeon |  19595 |  19156 |    439 |   3824 |  12380 |  13 | 1507.3 |
  Orcish Mines |    151 |    151 |      0 |      0 |      0 |   2 |   75.5 |
               +--------+--------+--------+--------+--------+-----+--------+

Top non-repeatable levels by time:
     D:9: 2596 daAuts
     D:4: 2059 daAuts
    D:12: 1992 daAuts
     D:5: 1919 daAuts
     D:6: 1885 daAuts
    D:10: 1678 daAuts
    D:11: 1498 daAuts
     D:2: 1458 daAuts
     D:3: 1296 daAuts
     D:1: 1211 daAuts
     D:8: 1009 daAuts
     D:7: 988 daAuts
   Orc:2: 79 daAuts
   Orc:1: 72 daAuts
    D:13: 1 daAuts
